 Dungeon Crawl Stone Soup version 0.26-a0-670-g578ab304f5 (webtiles) character file.

Game seed: 8175465312348606494

634 PentaManta the Ruffian (level 7, -1/52 HPs)
             Began as a Ghoul Artificer on Oct 18, 2020.
             Slain by a wolf (2 damage)
             ... led by Grum
             ... on level 8 of the Dungeon.
             The game lasted 00:07:02 (3437 turns).

PentaManta the Ruffian (Ghoul Artificer)            Turns: 3437, Time: 00:07:02

Health: -1/52      AC: 10    Str: 18    XL:     7   Next: 49%
Magic:  6/6        EV:  8    Int:  6    God:
Gold:   219        SH:  0    Dex:  9    Spells: 6/6 levels left

rFire    . . .     SeeInvis .     - Unarmed
rCold    + . .     Faith    .   (no shield)
rNeg     + + +     Spirit   .   g - +0 chain mail
rPois    ∞         Reflect  .   (no helmet)
rElec    .         Harm     .   j - +0 cloak
rCorr    .         Rampage  .   (no gloves)
MR       .....                  (no boots)
Stlth    ..........             (no amulet)
HPRegen  0.00/turn              (no ring)
MPRegen  0.10/turn              (no ring)

@: no status effects
A: rotting body, claws 1, cold resistance 1, negative energy resistance 3,
inhibited regeneration, torment resistance, unbreathing
a: no special abilities


You were on level 8 of the Dungeon.
You visited 1 branch of the dungeon, and saw 7 of its levels.

You collected 219 gold pieces.

Inventory:

Hand Weapons
 m - a +1 hunting sling
Missiles
 n - 88 stones (quivered)
Armour
 g - a +0 chain mail (worn)
 j - a +0 cloak (worn)
Wands
 c - a wand of flame (9)
 d - a wand of enslavement (15)
 e - a wand of random effects (15)
Scrolls
 a - a scroll of identify
 f - 2 scrolls of remove curse
 i - a scroll of teleportation
 k - a scroll of blinking {unknown}
 l - a scroll of fear
Potions
 b - a potion of flight


   Skills:
 - Level 1.1 Fighting
 + Level 3.9 Armour
 + Level 3.5 Dodging
 - Level 1.1 Stealth
 * Level 5.9 Unarmed Combat
 - Level 2.6 Evocations


You had 6 spell levels left.
You didn't know any spells.
Your spell library was empty.

Dungeon Overview and Level Annotations

Branches:
Dungeon (7/15)
 Temple: D:4-7

Altars:
Okawaru
Qazlal

Annotations:
D:4 Grinder
D:6 Eustachio, Maggie


Innate Abilities, Weirdness & Mutations

Your body is rotting away.
You thrive by killing the living.
You are immune to poison.
You have sharp fingernails.
Your flesh is cold resistant. (rC+)
You are immune to negative energy. (rN+++)
You do not regenerate when monsters are visible.
You are immune to unholy pain and torment.
You can survive without breathing.


Message History

You scratch the wolf.
The wolf is moderately wounded.
The wolf bites you.
* * * LOW HITPOINT WARNING * * *
The wolf bites you!
* * * LOW HITPOINT WARNING * * *
You barely miss the wolf.
The wolf is moderately wounded.
The wolf bites you.
* * * LOW HITPOINT WARNING * * *
You closely miss the wolf.
The wolf is moderately wounded.
The wolf bites you but does no damage. The wolf barely misses you.
Your chain mail prevents you from hitting the wolf.
The wolf is moderately wounded.
The wolf bites you but does no damage.
You miss the wolf.
The wolf is moderately wounded.
The wolf barely misses you. The wolf bites you.
You die...

#.......#...# #.. ##
##.....#_#..# #.## #.##
##.....#...# #..###...#
####.....## #...#.....
##.#..# #.#...h..#
#.#.#############.#.#.....
#.#.#.............#.######
#.#.#.########......#
#........@hh.†.######
#..##.##.#######
###..##.#### #......##.
#.#..###.♣ #....###.#
#.##...#.# #. ###.).# #
###.#


You could see 2 wolves.

Vanquished Creatures
  An ice beast (D:6)
  2 centaurs
  2 wolves (D:8)
  A howler monkey (D:5)
  2 hounds
  Robin (D:2)
  4 adders
  A shadow imp (D:5)
  An adder skeleton (D:8)
  3 dart slugs
  5 leopard geckos
  An orc (D:5)
  A giant cockroach (D:1)
  7 goblins
  7 hobgoblins
  4 jackals (D:1)
  3 kobolds (D:1)
  9 bats
  4 rats
59 creatures vanquished.

Vanquished Creatures (others)
  A goblin (D:2)
1 creature vanquished.

Grand Total: 60 creatures vanquished

Notes
Turn   | Place    | Note
-------+----------+-------------------------------------------
     0 | D:1      | PentaManta the Ghoul Artificer began the quest for the Orb.
     0 | D:1      | Reached XP level 1. HP: 16/16 MP: 0/0
   124 | D:1      | Reached skill level 1 in Dodging
   145 | D:1      | Reached skill level 1 in Unarmed Combat
   145 | D:1      | Reached XP level 2. HP: 23/23 MP: 1/1
  1045 | D:1      | Reached XP level 3. HP: 25/28 MP: 2/2
  1200 | D:2      | Reached skill level 2 in Unarmed Combat
  1281 | D:2      | Noticed Robin
  1530 | D:2      | Killed Robin
  1748 | D:2      | Reached XP level 4. HP: 29/35 MP: 3/3
  1803 | D:2      | Reached skill level 3 in Unarmed Combat
  1966 | D:2      | You fall into a shaft and drop 2 floors!
  1966 | D:4      | Noticed Grinder
  1970 | D:5      | Entered Level 5 of the Dungeon
  1990 | D:5      | Reached XP level 5. HP: 13/40 MP: 4/4
  1993 | D:5      | Noticed an ogre
  2020 | D:5      | Noticed an ice beast
  2265 | D:6      | Killed an ice beast
  2265 | D:6      | Reached skill level 4 in Unarmed Combat
  2265 | D:6      | Reached XP level 6. HP: 28/47 MP: 5/5
  2407 | D:6      | Noticed Maggie
  2768 | D:6      | Noticed Eustachio
  2804 | D:6      | Reached skill level 5 in Unarmed Combat
  2804 | D:6      | Reached XP level 7. HP: 23/52 MP: 6/6
  2835 | D:6      | Found a stormy altar of Qazlal.
  2854 | D:6      | You fall into a shaft and drop 2 floors!
  3074 | D:8      | Found an iron altar of Okawaru.
  3434 | D:8      | HP: 1/52 [wolf[Grum] (3)]
  3437 | D:8      | Slain by a wolf

Illustrated notes

Levels and vault maps discovered:
D:1:      sevenhm_arrival_forest_fort_large_4, layout_loops_corners,
          chequers_serial_rivers_micro_a
D:2:      layout_basic, uniq_robin
D:4:      layout_basic, uniq_pikel, uniq_grinder, uniq_ijyb
D:5:      layout_rooms, minmay_temple_entry_grid, uniq_blork_the_orc
D:6:      layout_basic, lemuel_coloured_pillars_altar, serial_shops, shop,
          grunt_qazlal_sundering, uniq_maggie, uniq_eustachio,
          uniq_prince_ribbit1
D:7:      layout_loops_ring, supply_closet_lemuel
D:8:      layout_loops_ring, okawaru_metal_pillars_1_2,
          minmay_misc_feat_hallway, serial_bayou_pond_d, grunt_ministairs_11,
          st_stairs_8, uniq_grum

Skill      XL: |  1  2  3  4  5  6 |
---------------+-------------------+-----
Dodging        | 1 2 3 |  3.5
Unarmed Combat | 1 2 3 4 5 |  5.9
Armour         | 2 3 |  3.9
Fighting       | |  1.1
Stealth        | |  1.1
Evocations     | |  2.6

Action                   |  1- 3 |  4- 6 |  7- 9 || total
-------------------------+-------+-------+-------++-------
Melee: Unarmed           |   154 |    99 |    56 ||   309
       Punch             |       |     2 |     1 ||     3
Evoke: Wand              |       |     6 |       ||     6
  Use: Scroll            |       |     5 |     4 ||     9
       Potion            |       |     3 |     1 ||     4
 Stab: Sleeping          |     1 |       |       ||     1
       Fleeing           |       |     1 |       ||     1
Armor: Leather armour    |    27 |       |       ||    27
       Scale mail        |    49 |    46 |       ||    95
       Chain mail        |       |    20 |    44 ||    64
Dodge: Dodged            |   128 |    81 |    33 ||   242

Table legend: (Time is in decaauts)
 A = Elapsed time spent in this place.
 B = Non-inter-level travel time spent in this place.
 C = Inter-level travel time spent in this place.
 D = Time resting spent in this place.
 E = Time spent auto-exploring this place.
 F = Levels seen in this place.
 G = Mean time per level.
                   A        B        C        D        E       F      G
               +--------+--------+--------+--------+--------+-----+--------+
         Total |   3401 |   3341 |     60 |   1035 |   1486 |   7 |  485.9 |
       Dungeon |   3401 |   3341 |     60 |   1035 |   1486 |   7 |  485.9 |
               +--------+--------+--------+--------+--------+-----+--------+

Top non-repeatable levels by time:
     D:1: 1375 daAuts
     D:2: 586 daAuts
     D:8: 577 daAuts
     D:7: 502 daAuts
     D:6: 308 daAuts
     D:5: 46 daAuts
     D:4: 3 daAuts
